 Dungeon Crawl Stone Soup version 0.18-b1-22-ge198996 (webtiles) character file.

32 manyhoops the Chucker (level 3, 0/37 HPs)
             Began as an Ogre Hunter on May 4, 2016.
             Slain by a hobgoblin
             ... wielding a +0 club
              (1 damage)
             ... on level 1 of the Dungeon.
             The game lasted 00:01:18 (1339 turns).

manyhoops the Chucker (Ogre Hunter)                 Turns: 1339, Time: 00:01:18

Health: 0/37       AC:  3    Str: 18    XL:     3   Next: 25%
Magic:  3/3        EV: 10    Int: 10    God:
Gold:   54         SH:  0    Dex: 10    Spells: 0 memorised, 2 levels left

rFire  . . .     SeeInvis .     m - +0 club
rCold  . . .     Gourm    .     b - +0 robe
rNeg   . . .     Faith    .     (no shield)
rPois  .         Spirit   .     (helmet restricted)
rElec  .         Dismiss  .     (no cloak)
rCorr  .         Reflect  .     (gloves unavailable)
SustAt .         Harm     .     (boots unavailable)
MR     .....                    (no amulet)
Stlth  +.........               (no ring)
                                (no ring)

@: not resistant to hostile enchantments, very unstealthy
A: unfitting armour, tough skin 1
a: no special abilities


You were on level 1 of the Dungeon.
You were hungry.

You visited 1 branch of the dungeon, and saw 1 of its levels.

You collected 54 gold pieces.

Inventory:

Hand Weapons
 a - a +0 short sword
 m - a +0 club (weapon)
Missiles
 d - 2 throwing nets (quivered)
Armour
 b - a +0 robe (worn)
Scrolls
 h - 2 scrolls of remove curse
Potions
 e - a potion of magic {unknown}
 g - a potion of agility {unknown}
 i - a potion of flight {unknown}
 j - a potion of curing {unknown}
 k - a potion of degeneration {unknown}
 l - 2 potions of might {unknown}
Comestibles
 f - a bread ration


   Skills:
 + Level 3.1 Fighting
 + Level 4.8 Throwing
 - Level 1.7 Dodging
 - Level 0.7 Stealth


You had 2 spell levels left.
You didn't know any spells.

Dungeon Overview and Level Annotations

Branches:
Dungeon (1/15)

Altars:


Innate Abilities, Weirdness & Mutations

You are too large for most types of armour.
You have tough skin (AC +1).


Message History

The jackal bites you.
* * * LOW HITPOINT WARNING * * *
The hobgoblin hits you but does no damage.
The jackal barely misses you.
Throwing (i - inventory. (,) - cycle):
c - 2 large rocks (quivered)
Press: ? - help, Shift-Dir - straight line, f/p - jackal
Aim: a jackal You throw a large rock.
The large rock hits the jackal!
You kill the jackal!
The hobgoblin barely misses you.
The hobgoblin hits you but does no damage.
Throwing (i - inventory. (,) - cycle):
c - a large rock (quivered)
Press: ? - help, Shift-Dir - straight line, f - hobgoblin
Aim: a hobgoblin, wielding a club (heavily wounded)
You throw a large rock.
The large rock completely misses the hobgoblin.
The hobgoblin hits you with a club.
* * * LOW HITPOINT WARNING * * *
The hobgoblin hits you with a club.
You die...

......##..##...............#
......##..#........#...........
#........................##..##
.......#..#..#......#........#
...................##.##.##.##
.#.....)..#.##.#...(.....# #
.#....##..#.##...........#
.#...............g....###
.#........#.#...@†.(#.#
........#.#.....((......
###.....#.#.......(.#####
#####...#..........##
.......##########..#
########....)..##..#
#.....§...#.... ##
#....§§...#..### .## ##.......#


You could see a hobgoblin.

Vanquished Creatures
  An ooze (D:1)
  A dart slug (D:1)
  3 giant cockroaches (D:1)
  4 goblins (D:1)
  3 hobgoblins (D:1)
  3 jackals (D:1)
  A bat (D:1)
  2 giant newts (D:1)
  2 kobolds (D:1)
  4 rats (D:1)
24 creatures vanquished.

Vanquished Creatures (others)
  A goblin (D:1)
1 creature vanquished.

Grand Total: 25 creatures vanquished

Notes
Turn   | Place    | Note
--------------------------------------------------------------
     0 | D:1      | manyhoops the Ogre Hunter began the quest for the Orb.
     0 | D:1      | Reached XP level 1. HP: 22/22 MP: 1/1
   346 | D:1      | Reached XP level 2. HP: 18/29 MP: 2/2
   782 | D:1      | Reached XP level 3. HP: 11/37 MP: 3/3
  1339 | D:1      | HP: 1/37 [hobgoblin/club (4)]
  1339 | D:1      | Slain by a hobgoblin

Skill      XL: |  1  2 |
---------------+-------+-----
Fighting       | 3 |  3.1
Throwing       | |  4.8
Dodging        | |  1.7
Stealth        | |  0.7

Action                   || total
-------------------------++-------
Melee: Short sword       ||    73
       Club              ||    46
Throw: Large rock        ||     8
  Use: Scroll            ||     1
  Eat: Chunk             ||     1
Armor: Robe              ||    50
Dodge: Dodged            ||   109
